 Dungeon Crawl Stone Soup version 0.21-a0-84-g85d6d27 (webtiles) character file.

130 grindst0ne the Shield-Bearer (level 5, -2/41 HPs)
             Began as a Formicid Fighter on June 24, 2017.
             Slain by Natasha (6 damage)
             ... on level 3 of the Dungeon.
             The game lasted 00:02:57 (2176 turns).

grindst0ne the Shield-Bearer (Formicid Fighter)     Turns: 2176, Time: 00:02:58

Health: -2/41      AC:  0    Str: 20    XL:     5   Next: 36%
Magic:  5/5        EV: 17    Int:  8    God:
Gold:   105        SH:  0    Dex: 16    Spells: 4/4 levels left

rFire    . . .     SeeInvis .   (weapon currently unavailable)
rCold    . . .     Gourm    .   (shield currently unavailable)
rNeg     . . .     Faith    .   (armour currently unavailable)
rPois    .         Spirit   .   (helmet unavailable)
rElec    .         Reflect  .   (cloak currently unavailable)
rCorr    .         Harm     .   (gloves currently unavailable)
MR       .....                  (boots currently unavailable)
Stlth    +.........             (no amulet)
HPRegen  0.13/turn              (ring currently unavailable)
MPRegen  0.09/turn              (ring currently unavailable)

@: bat-form, flying, very quick
A: permanent stasis, dig shafts and tunnels, four strong arms
a: no special abilities


You were on level 3 of the Dungeon.
You were hungry.
You were in bat-form.
You visited 1 branch of the dungeon, and saw 3 of its levels.

You collected 105 gold pieces.

Inventory:

Hand Weapons
 a - a +0 war axe (melded)
Armour
 b - a +0 scale mail (melded)
 c - a +0 shield (melded)
Jewellery
 g - a ring of wizardry (melded)
 l - an uncursed ring of see invisible
 s - a ring of positive energy (melded)
Scrolls
 e - a scroll of random uselessness {unknown}
 i - a scroll of enchant weapon {unknown}
 j - a scroll of fear {unknown}
 k - 3 scrolls of identify {unknown}
 m - a scroll of noise {unknown}
 q - a scroll of remove curse {unknown}
 r - a scroll of fog {unknown}
Potions
 d - a potion of might
 n - a potion of agility {unknown}
 o - a potion of heal wounds {unknown}
 p - a potion of curing
Comestibles
 f - 2 bread rations
 h - 2 meat rations


   Skills:
 - Level 3.2 Fighting
 - Level 2.0 Axes
 - Level 3.2 Armour
 + Level 6.8 Shields


You had 4 spell levels left.
You didn't know any spells.

Dungeon Overview and Level Annotations

Branches:
Dungeon (3/15)

Altars:
Ashenzari
Cheibriados

Annotations:
D:3 Natasha


Innate Abilities, Weirdness & Mutations

You cannot be hasted, slowed, berserked, paralysed or teleported.
You can dig through walls and to a lower floor.
Your four strong arms can wield two-handed weapons with a shield.
((You have a pair of large antennae on your head. (SInv)))


Message History

You can't do that in your present form.
You hit Natasha but do no damage.
Natasha is moderately wounded.
Natasha zaps a wand.
You barely miss Natasha.
Natasha is moderately wounded.
Natasha barely misses you.
You barely miss Natasha.
Natasha is moderately wounded.
Natasha stares at you and mumbles some strange words.
The magic dart hits you!
* * * LOW HITPOINT WARNING * * *
You hit Natasha.
Natasha is moderately wounded.
Natasha zaps a wand.
You hit Natasha.
Natasha is heavily wounded.
Natasha drinks a potion.
Natasha is healed!
You hit Natasha but do no damage. Natasha claws you.
You die...

#. .. #.#####.###
###>.........
#.....# #.#.# ###
#.....# #.#.#
##h###.....# #.#.#
#b#{##.....###.#..
####.#.....'......
##......###.#..
#.......# #.#..
#....#### #...#
#....# #.)..
#....# #รท###
#....######.###
#....##.....)..


You could see Natasha.

Vanquished Creatures
  Natasha (twice) (D:3)
  2 adders (D:2)
  An ooze (D:1)
  2 dart slugs
  An orc (D:3)
  2 ball pythons
  3 giant cockroaches (D:2)
  6 goblins
  9 hobgoblins
  5 kobolds
  A quokka (D:2)
  7 bats
  5 frilled lizards
  4 rats
50 creatures vanquished.

Notes
Turn   | Place    | Note
-------+----------+-------------------------------------------
     0 | D:1      | grindst0ne the Formicid Fighter began the quest for the Orb.
     0 | D:1      | Reached XP level 1. HP: 18/18 MP: 1/1
    47 | D:1      | Reached skill level 4 in Shields
    47 | D:1      | Reached XP level 2. HP: 24/24 MP: 2/2
   482 | D:1      | Reached skill level 5 in Shields
   482 | D:1      | Reached XP level 3. HP: 24/29 MP: 3/3
  1085 | D:2      | Reached XP level 4. HP: 33/35 MP: 4/4
  1369 | D:2      | Found a snail-covered altar of Cheibriados.
  1369 | D:2      | Found a shattered altar of Ashenzari.
  1467 | D:2      | Reached skill level 6 in Shields
  1818 | D:3      | Noticed Natasha
  1829 | D:3      | Killed Natasha
  1829 | D:3      | Reached XP level 5. HP: 3/41 MP: 5/5
  2027 | D:3      | Noticed Natasha
  2033 | D:3      | Killed Natasha
  2143 | D:3      | Noticed Natasha
  2176 | D:3      | Slain by Natasha

Vault maps used:
D:1:      dpeg_arrival_yet_another_circle, serial_forest,
          infiniplex_forest_clump_double, infiniplex_forest_lined_corner,
          infiniplex_forest_clump_long, infiniplex_forest_clump_cross,
          infiniplex_forest_clump_cross, infiniplex_forest_lined_room_2,
          feat_on_display
D:2:      lemuel_crystal_altar, kennysheep_slug_shrine
D:3:      first_bread, uniq_jessica, uniq_natasha

Skill      XL: |  1  2  3  4 |
---------------+-------------+-----
Shields        | 4 5 6 |  6.8
Fighting       | |  3.2
Axes           | |  2.0
Armour         | |  3.2

Action                   |  1- 3 |  4- 6 || total
-------------------------+-------+-------++-------
Melee: War axe           |    80 |    77 ||   157
       Unarmed           |       |    13 ||    13
 Abil: Dig               |       |     1 ||     1
  Eat: Chunk             |     1 |     3 ||     4
Armor: Scale mail        |    35 |    31 ||    66
Dodge: Dodged            |    35 |    23 ||    58
Block: Shield            |    50 |    43 ||    93
